 Dungeon Crawl Stone Soup version 0.27.1-35-g4d5d836560 (console) character file.

Game seed: 7026283892622211918

252 Banquo the Chopper (level 6, -1/47 HPs)
             Began as a Formicid Fighter on Mar 5, 2022.
             Was an Initiate of Ashenzari.
             Slain by a scorpion (4 damage)
             ... on level 5 of the Dungeon.
             The game lasted 00:10:38 (3801 turns).

Banquo the Chopper (Formicid Fighter)               Turns: 3801, Time: 00:10:39

Health: -1/47      AC: 12    Str: 22    XL:     6   Next: 36%
Magic:  6/6        EV:  5    Int:  8    God:    Ashenzari [......]
Gold:   1370       SH: 10    Dex: 10    Spells: 5/5 levels left

rFire    . . .     SeeInvis +   a - +0 war axe
rCold    . . .     Faith    .   i - +0 kite shield of the Astral Sage {Elem, Fort} (curse)
rNeg     . . .     Spirit   .   d - +0 plate armour
rPois    .         Reflect  .   (helmet unavailable)
rElec    .         Harm     .   (no cloak)
rCorr    .         Rampage  .   (no gloves)
Will     .....                  (no boots)
Stlth    ..........             o - amulet of regeneration
HPRegen  1.15/turn              (no ring)
MPRegen  0.10/turn              (no ring)

@: lethally poisoned (-1 -> -9)
A: permanent stasis, dig shafts and tunnels, antennae 3, four strong arms
a: Dig, Shaft Self, Renounce Religion, Curse Item, Shatter the Chains


You were on level 5 of the Dungeon.
You worshipped Ashenzari.
Ashenzari was noncommittal.
You visited 1 branch of the dungeon, and saw 5 of its levels.

You collected 1370 gold pieces.

Inventory:

Hand Weapons
 a - a +0 war axe (weapon)
Missiles
 c - 249 stones
 g - 28 bolts
 h - 21 poisoned darts
 p - 4 boomerangs
Armour
 b - a +0 scale mail
 d - a +0 plate armour (worn)
 i - the cursed +0 kite shield of the Astral Sage (worn) {Elem, Fort}

   It has a curse which improves the following skills: Elements: Fire Magic, Ice
   Magic, Air Magic and Earth Magic.
   Fortitude: Armour and Shields.
Magical Staves
 n - a staff of cold
Jewellery
 o - an amulet of regeneration (around neck)
Scrolls
 e - 4 scrolls of identify
 f - 2 scrolls of silence
 m - 2 scrolls of magic mapping
 q - 3 scrolls of fear
Potions
 j - a potion of heal wounds
 k - 2 potions of flight
 l - a potion of might
 r - a potion of brilliance


   Skills:
 + Level 3.4 Fighting
 * Level 5.0 Axes
 * Level 4.2(4.7) Armour
 * Level 4.7(5.2) Shields


You had 5 spell levels left.
You didn't know any spells.
Your spell library contained the following spells:

 Spells                   Type           Power      Damage    Failure   Level
 Sandblast                Erth           0%         2d4       100%        1
 Passwall                 Tmut/Erth      0%         N/A       100%        2
 Lee's Rapid Deconstruct  Erth           0%         3d5*      100%        5
 Summon Forest            Summ/Tloc      0%         N/A       100%        5
 Summon Mana Viper        Hex/Summ       0%         N/A       100%        5
 Shadow Creatures         Summ           N/A        N/A       100%        6


Dungeon Overview and Level Annotations

Branches:
Dungeon (5/15)             Temple (0/1) D:4

Altars:
Ashenzari


Innate Abilities, Weirdness & Mutations

You cannot be hasted, slowed, berserked, paralysed or teleported.
You can dig through walls and to a lower floor.
You have a pair of large antennae on your head. (SInv)
Your four strong arms can wield two-handed weapons with a shield.


Message History

You feel very sick.
The scorpion stings you but does no damage.
You barely miss the scorpion.
The scorpion is severely wounded.
You feel very sick.
The scorpion stings you but does no damage.
The scorpion stings you!
* * * LOW HITPOINT WARNING * * *
You are more poisoned.
The scorpion poisons you!
You feel better.
The scorpion stings you but does no damage.
Press: ? - help, v - describe, . - travel
Here: a scorpion (severely wounded)
The floor.
Unknown command.
You closely miss the scorpion.
The scorpion is severely wounded.
The scorpion stings you.
* * * LOW HITPOINT WARNING * * *
The scorpion stings you but does no damage.
You barely miss the scorpion.
The scorpion is severely wounded.
The scorpion barely misses you.
You closely miss the scorpion.
The scorpion is severely wounded.
The scorpion stings you.
* * * LOW HITPOINT WARNING * * *
You are poisoned.
The scorpion poisons you!
The scorpion stings you but does no damage.
You closely miss the scorpion.
The scorpion is severely wounded.
* * * LOW HITPOINT WARNING * * *
You feel very sick. The scorpion stings you.
* * * LOW HITPOINT WARNING * * *
You are more poisoned.
The scorpion poisons you! The scorpion stings you.
You die...

#### #..
#.#####
#<....#
#.....###
#@.......
#s....###
......#
.#...?.#
..#######
.# #. .


You could see a scorpion.

Vanquished Creatures
  2 scorpions (D:4)
  A hound skeleton (D:4)
  An adder (D:3)
  An ufetubus (D:4)
  4 worms
  3 dart slugs
  9 orcs
  7 ball pythons
  8 endoplasms
  6 giant cockroaches
  4 goblins
  5 hobgoblins
  4 jackals (D:3)
  4 quokkas
  7 bats
  3 frilled lizards
  2 kobolds
  2 rats (D:2)
73 creatures vanquished.

Notes
Turn   | Place    | Note
-------+----------+-------------------------------------------
     0 | D:1      | Banquo the Formicid Fighter began the quest for the Orb.
     0 | D:1      | Reached XP level 1. HP: 18/18 MP: 1/1
   225 | D:1      | Reached XP level 2. HP: 24/24 MP: 2/2
   462 | D:1      | Reached skill level 3 in Axes
   788 | D:1      | Reached XP level 3. HP: 29/29 MP: 3/3
   943 | D:2      | Found a faded altar of an unknown god.
  1026 | D:2      | Became a worshipper of Ashenzari the Shackled
  1026 | D:2      | Identified a scroll of acquirement
  1841 | D:2      | Reached XP level 4. HP: 35/35 MP: 4/4
  2147 | D:3      | Reached skill level 4 in Axes
  2824 | D:3      | Reached XP level 5. HP: 39/41 MP: 5/5
  3199 | D:3      | Acquired 399 gold pieces
  3201 | D:3      | Acquired 787 gold pieces
  3262 | D:4      | Reached skill level 5 in Axes
  3262 | D:4      | Reached XP level 6. HP: 37/47 MP: 6/6
  3367 | D:4      | Noticed an ogre
  3670 | D:4      | Found a staircase to the Ecumenical Temple.
  3779 | D:5      | Entered Level 5 of the Dungeon
  3796 | D:5      | HP: 1/47 [scorpion (7)]
  3801 | D:5      | Slain by a scorpion

Illustrated notes

Levels and vault maps discovered:
D:1:      doesnt_arrival_eight_statues, layout_basic, grunt_decor_cap
D:2:      layout_loops_ring, hellmonk_ecumenical_altar_pennies_from_heaven,
          kennysheep_generic_room_11
D:3:      layout_basic
D:4:      layout_rooms, minmay_temple_entry_mini_moons
D:5:      layout_basic, mainiacjoe_overflow_boulevard, st_stairs_3,
          chequers_serial_rivers_micro_b, uniq_ijyb

Skill      XL: |  1  2  3  4  5 |
---------------+----------------+-----
Axes           | 3 4 5 |  5.0
Shields        | 4 |  4.7
Armour         | 4 |  4.2
Fighting       | |  3.4

Action                   |  1- 3 |  4- 6 || total
-------------------------+-------+-------++-------
Melee: War axe           |    99 |   157 ||   256
Invok: Curse Item        |     1 |       ||     1
 Abil: Dig               |       |     1 ||     1
  Use: Scroll            |       |     2 ||     2
       Potion            |       |     1 ||     1
Armor: Scale mail        |    29 |       ||    29
       Plate armour      |    16 |   114 ||   130
Dodge: Dodged            |    19 |    33 ||    52
Block: Kite shield       |    43 |    90 ||   133
